 Dungeon Crawl Stone Soup version 0.24-a0-781-g048a31f (webtiles) character file.

Game seed: 8057949760398336150, levelgen mode: deterministic

133457 snetch the Executioner (level 16, -8/228 HPs)
             Began as a Minotaur Berserker on Oct 4, 2019.
             Was a High Priest of Trog.
             Killed from afar by a thorn hunter (26 damage)
             ... with a volley of thorns
             ... on level 2 of the Swamp on Oct 8, 2019.
             The game lasted 02:12:12 (29988 turns).

snetch the Executioner (Minotaur Berserker)        Turns: 29988, Time: 02:12:13

Health: -8/228     AC: 27    Str: 33    XL:     16   Next: 59%
Magic:  16/16      EV: 15    Int:  4    God:    Trog [*****.]
Gold:   2368       SH:  0    Dex: 11    Spells: 15/15 levels left

rFire    + + .     SeeInvis +   a - +8 executioner's axe of the Living Dead {chop, rF+}
rCold    + . .     Gourm    .   (shield currently unavailable)
rNeg     + . .     Faith    .   Y - +2 plate armour {rF+}
rPois    +         Spirit   .   p - +2 hat
rElec    +         Reflect  .   D - +1 cloak of Starlight {rElec rC+ EV+4 Stlth--}
rCorr    +         Harm     .   d - +0 pair of gloves "Puxoc" {rCorr Dex+3 SInv}
MR       ++++.                  y - +1 pair of boots
Stlth    ..........             U - amulet of Ygelisy {RegenMP rElec MR+ Dex-3}
HPRegen  1.48/turn              u - ring of poison resistance
MPRegen  0.40/turn              O - ring of positive energy

@: berserking, regenerating, very quick
A: retaliatory headbutt, horns 2
a: Berserk, Trog's Hand, Brothers in Arms, Renounce Religion


You were on level 2 of the Swamp.
You worshipped Trog.
Trog was extremely pleased with you.
You were hungry.

You visited 4 branches of the dungeon, and saw 25 of its levels.
You also visited: Ice Cave.

You collected 2589 gold pieces.
You spent 221 gold pieces at shops.

Inventory:

Hand Weapons
 a - the +8 executioner's axe of the Living Dead (weapon) {chop, rF+}
   (Trog gifted it to you on level 8 of the Dungeon)

   It inflicts extra damage upon your enemies.
   It protects you from fire.
 b - a +3 longbow of flaming
 c - a +4 executioner's axe of flaming
 l - the +9 quick blade "Pate" {venom, Int+2 Dex+4, unknown}
   (You found it on level 1 of the Swamp)

   It poisons the flesh of those it strikes.
   It affects your intelligence (+2).
   It affects your dexterity (+4).
Missiles
 A - 41 sling bullets
Armour
 d - the +0 pair of gloves "Puxoc" (worn) {rCorr Dex+3 SInv}
   (You found it on level 8 of the Dungeon)

   It affects your dexterity (+3).
   It lets you see invisible.
   It provides partial protection from all sources of acid and corrosion.
 p - a +2 hat (worn)
 y - a +1 pair of boots (worn)
 D - the +1 cloak of Starlight (worn) {rElec rC+ EV+4 Stlth--}
   (You found it on level 5 of the Lair of Beasts)

   It affects your evasion (+4).
   It protects you from cold.
   It insulates you from electricity.
   It makes you much less stealthy.
 Y - a +2 plate armour of fire resistance (worn)
Jewellery
 u - a ring of poison resistance (left hand)
 L - a +5 ring of intelligence
 O - a ring of positive energy (right hand)
 U - the amulet of Ygelisy (around neck) {RegenMP rElec MR+ Dex-3}
   (You took it off a gnoll sergeant on level 7 of the Dungeon)

   [amulet of magic regeneration]

   It increases your magic regeneration.
   It affects your dexterity (-3).
   It insulates you from electricity.
   It affects your resistance to hostile enchantments.
Wands
 m - a wand of digging (13)
 t - a wand of polymorph (40)
 w - a wand of scattershot (4)
 Q - a wand of iceblast (17)
Scrolls
 i - 6 scrolls of fog
 j - a scroll of vulnerability
 o - 10 scrolls of teleportation {unknown}
 s - a scroll of enchant armour
 z - 2 scrolls of blinking
 F - 2 scrolls of fear
 G - 3 scrolls of magic mapping
 H - a scroll of summoning
 M - a scroll of holy word
 R - 6 scrolls of amnesia {unknown}
 T - 4 scrolls of silence
 W - 3 scrolls of immolation
Potions
 e - 9 potions of heal wounds {unknown}
 f - 2 potions of invisibility
 h - 4 potions of brilliance
 k - 4 potions of flight
 n - 2 potions of ambrosia
 q - 3 potions of haste
 r - 5 potions of lignification
 v - 3 potions of cancellation
 x - 5 potions of resistance
 K - a potion of mutation
 P - 15 potions of curing
 V - 7 potions of might
Miscellaneous
 E - a lightning rod (4/4)
 J - a phantom mirror
 N - a sack of spiders
 S - 3 boxes of beasts
Comestibles
 g - 3 chunks of flesh
 I - 51 rations


   Skills:
 + Level 16.6 Fighting
 + Level 23.2(23.5) Axes
   Level 4.6(16.4) Maces & Flails
   Level 6.0(16.8) Polearms
 + Level 14.9 Armour
 + Level 6.4 Dodging
 + Level 3.6 Stealth
   Level 1.6 Shields
 + Level 1.6 Evocations


You had 15 spell levels left.
You didn't know any spells.
Your spell library contained the following spells:

 Spells                   Type           Power        Failure   Level  Hunger
 Corona                   Hex            #......      95%         1    ##.....
 Freeze                   Ice            #...         95%         1    ##.....
 Magic Dart               Conj           #...         95%         1    ##.....
 Summon Butterflies       Summ           #.......     95%         1    ##.....
 Blink                    Tloc           N/A          99%         2    ###....
 Call Imp                 Summ           #.......     99%         2    ###....
 Corpse Rot               Necr           N/A          99%         2    ###....
 Ensorcelled Hibernation  Hex/Ice        #.....       99%         2    ###....
 Passwall                 Tmut/Erth      #.......     99%         2    ###....
 Shroud of Golubria       Chrm/Tloc      #.....       99%         2    ###....
 Slow                     Hex            #.......     99%         2    ###....
 Swiftness                Chrm/Air       #.......     99%         2    ###....
 Throw Frost              Conj/Ice       #.....       99%         2    ###....
 Call Canine Familiar     Summ           #.......     100%        3    ####...
 Confuse                  Hex            #.......     100%        3    ####...
 Conjure Flame            Conj/Fire      #.......     100%        3    ####...
 Dazzling Spray           Conj/Hex       #.....       100%        3    ####...
 Gell's Gravitas          Tloc           #.........   100%        3    ####...
 Lesser Beckoning         Tloc           #.........   100%        3    ####...
 Mephitic Cloud           Conj/Pois/Air  #.......     100%        3    ####...
 Ozocubu's Armour         Chrm/Ice       #.......     100%        3    ####...
 Stone Arrow              Conj/Erth      #.....       100%        3    ####...
 Teleport Other           Tloc           #.......     100%        3    ####...
 Tukima's Dance           Hex            #.......     100%        3    ####...
 Leda's Liquefaction      Hex/Erth       #.........   100%        4    #####..
 Passage of Golubria      Tloc           N/A          100%        4    #####..
 Summon Ice Beast         Ice/Summ       #.......     100%        4    #####..
 Throw Icicle             Conj/Ice       #.......     100%        4    #####..
 Bolt of Magma            Conj/Fire/Erth #.........   100%        5    ######.
 Lee's Rapid Deconstruct  Erth           #.........   100%        5    ######.
 Summon Forest            Summ/Tloc      #.........   100%        5    ######.
 Summon Mana Viper        Hex/Summ       #.......     100%        5    ######.
 Darkness                 Hex            #.........   100%        6    #######
 Hydra Form               Tmut           #.........   100%        6    #######
 Invisibility             Hex            #.......     100%        6    #######
 Iron Shot                Conj/Erth      #.........   100%        6    #######
 Statue Form              Tmut/Erth      #........    100%        6    #######
 Summon Hydra             Summ           #.........   100%        7    #######
 Shatter                  Erth           #.........   100%        9    #######


Dungeon Overview and Level Annotations

Branches:
Dungeon (15/15)            Temple (1/1) D:7            Lair (6/6) D:10
  Swamp (3/4) Lair:4        Snake (0/4) Lair:4        Slime (0/5) Lair:6
    Orc (0/2) D:12         Vaults (0/5) D:13         Depths (0/5) D:15
  IceCv (visited)

Altars:
Ashenzari
Cheibriados
Dithmenos
Elyvilon
Fedhas
Gozag
Hepliaklqana
Kikubaaqudgha
Makhleb
Nemelex Xobeh
Okawaru
Qazlal
Ru
Sif Muna
Trog
Uskayaw
Vehumet
Wu Jian
Xom
Yredelemnul
Zin
The Shining One

Shops:
D:4 (   D:7 }   D:11 !!   D:12 [   D:13 [

Annotations:
D:11 dig to shop


Innate Abilities, Weirdness & Mutations

You reflexively headbutt those who attack you in melee.
You have a pair of horns on your head.


Message History

The thorn hunter fires a volley of thorns at you.
The volley of thorns hits you!!
* * * LOW HITPOINT WARNING * * *
You chop the shambling mangrove into pieces!!!
You feel the power of Trog in you as your rage grows.
You destroy the shambling mangrove!
Trog accepts your kill.
Unknown command.
The thorn hunter fires a volley of thorns at you.
The volley of thorns hits you!!
* * * LOW HITPOINT WARNING * * *
Found 2 potions of might.
You carve the plant like a ham!!! You headbutt the plant!
You destroy the plant!
You slash the briar patch! You slice the briar patch!!
You destroy the briar patch!
The briar patch crumbles away. x2
The thorn hunter fires a volley of thorns at you.
The volley of thorns hits you!!
You die...

.....≈.≈.♣♣♣ .♣♣P....♣§.
≈......♣♣♣......≈.........≈
≈≈≈.≈..♣ !.♣...♣....≈≈≈....♣..
...≈≈≈.♣♣♣.....≈..≈≈...≈≈..♣..
........♣ ....≈..P≈.∩...≈...♣
....≈≈..♣♣♣♣..§fPP..♣♣♣P.≈..♣ .♣
≈.≈≈≈≈.≈.♣♣...≈PP≈..♣ ♣.P≈..♣P.
≈≈....≈.≈♣♣♣♣.≈..≈P.♣♣♣$.≈..♣.♣
.≈.≈.≈......♣.♣.@.≈P....≈...♣P♣♣♣
≈.≈≈≈..≈.^...♣.♣..≈≈...≈≈..§.♣...
..≈......♣.♣♣♣.≈....≈≈≈....♣.♣♣♣♣
.......≈.≈♣♣♣...♣.......P.≈...♣♣♣
≈.≈.≈..≈...§♣....≈≈.....♣♣..P♣♣♣≈
.≈...≈......♣.P.∩..♣♣♣≈♣P..P..♣♣≈
.♣♣.≈≈.≈...♣♣..PPPPP.♣.PP..♣..♣..
♣♣♣..≈...≈.♣♣..PP♣P♣♣.♣♣P♣....♣♣.
♣≈≈..♣.♣.♣♣♣..P♣♣♣♣..♣♣♣...♣♣♣≈


You could see a thorn hunter.

Vanquished Creatures
  Rupert (Lair:5)
  2 thorn hunters (Swamp:2)
  Roxanne (D:14)
  Kirke (Lair:5)
  A frost giant (IceCv)
  Louise (Swamp:2)
  An ironheart preserver (D:13)
  Nessos (Lair:6)
  Snorg (D:13)
  A fire dragon (Lair:6)
  A yaktaur captain (D:15)
  The ghost of mansretarded the Carver, a journeyman MiBe of Trog (Lair:2)
  16 hydras
  5 shambling mangroves
  4 centaur warriors
  3 catoblepae
  8 alligators
  3 death yaks (Lair:6)
  A tengu warrior (D:15)
  2 two-headed ogres
  3 unseen horrors
  The ghost of casual the Nimble, a novice OpTm of Cheibriados (D:7)
  A glowing orange brain (D:15)
  A swamp dragon (Lair:6)
  2 lindwurms (Lair:6)
  A wizard (D:15)
  Pikel (D:4)
  4 cyclopes
  2 oklob plants (Lair:6)
  5 manticores
  17 ugly things
  A deep elf mage (D:15)
  A wolf spider (shapeshifter) (D:15)
  A moth of wrath (Lair:5)
  7 elephants (Lair:6)
  4 black mambas
  4 centaur zombies
  Joseph (D:7)
  Psyche (D:8)
  An ice statue (IceCv)
  2 torpor snails (Lair:6)
  17 spiny frogs
  2 gargoyles
  11 rime drakes
  7 komodo dragons
  14 polar bears
  2 ice devils (Lair:3)
  5 trolls
  A troll (shapeshifter) (D:15)
  8 hornets
  16 slime creatures
  3 tyrant leeches
  10 bog bodies
  Grinder (D:4)
  5 dream sheep (Lair:6)
  A meliai zombie (D:11)
  7 blink frogs
  13 hippogriffs
  8 wyverns
  5 spriggans
  5 shadows
  A wraith (D:9)
  2 vampires
  7 basilisks
  A hog (shapeshifter) (D:15)
  6 hogs (Lair:5)
  50 yaks
  11 steam dragons
  18 vampire mosquitoes
  8 swamp worms
  Menkaure (D:7)
  3 nagas (Lair:4)
  20 insubstantial wisps
  An acid dragon (D:13)
  11 porcupines
  18 water moccasins
  7 swamp drakes
  2 sky beasts
  A slave (D:4)
  3 black bears
  2 eyes of draining
  A hornet zombie (D:15)
  3 ice beasts
  18 orc warriors
  4 ogres
  A phantom (D:13)
  16 wolves
  19 centaurs
  12 crocodiles
  3 big kobolds
  23 bullfrogs
  3 gnoll sergeants (D:7)
  A wyvern zombie (D:8)
  3 scorpions
  9 killer bees
  2 electric eels (D:12)
  7 crimson imps
  A bullfrog zombie (D:11)
  A quasit (D:9)
  5 hounds
  6 jellies
  3 bullfrog skeletons
  2 centaur skeletons
  16 orc priests
  A gnoll shaman (D:6)
  16 orc wizards
  8 iguanas
  14 worker ants
  A hound skeleton (D:9)
  Robin (D:4)
  A worker ant zombie (D:11)
  8 gnolls
  A howler monkey skeleton (D:6)
  15 adders
  8 shadow imps
  6 oozes
  2 adder zombies
  3 adder skeletons
  4 worms
  3 dart slugs
  4 leopard geckos
  74 orcs
  7 giant cockroaches
  15 goblins
  7 hobgoblins
  5 jackals
  17 kobolds
  2 quokkas (D:4)
  15 bats
  4 frilled lizards
  A leopard gecko skeleton (D:6)
  2 quokka skeletons
  6 rats
  16 briar patches (Swamp:2)
  A bush (Lair:4)
  14 fungi
  32 plants
903 creatures vanquished.

Vanquished Creatures (collateral kills)
  The ghost of Cuzol the Pandemonic, a journeyman DsGl of Makhleb (Lair:5)
  A fire dragon (Lair:4)
  A hydra (Lair:6)
  A catoblepas (Lair:6)
  An orange crystal statue (D:11)
  2 elephants (Lair:6)
  A moth of wrath (Lair:5)
  An ice statue (D:11)
  A black mamba (Lair:5)
  A rime drake (Lair:4)
  3 dream sheep (Lair:6)
  Grum (D:7)
  5 steam dragons (Lair:4)
  3 orc warriors (D:12)
  3 wolves (D:7)
  A gnoll sergeant (D:7)
  An orc priest (D:12)
  A gnoll shaman (D:7)
  3 gnolls (D:7)
  5 orcs (D:12)
37 creatures vanquished.

Vanquished Creatures (others)
  A lindwurm (Lair:4)
  3 briar patches (Swamp:2)
  5 fungi
  10 plants
19 creatures vanquished.

Grand Total: 959 creatures vanquished

Notes
Turn   | Place    | Note
-------+----------+-------------------------------------------
     0 | D:1      | snetch the Minotaur Berserker began the quest for the Orb.
     0 | D:1      | Reached XP level 1. HP: 19/19 MP: 0/0
    67 | D:2      | Reached skill level 4 in Axes
    67 | D:2      | Reached XP level 2. HP: 27/27 MP: 1/1
    91 | D:2      | Found a blossoming altar of Fedhas.
   683 | D:2      | Reached XP level 3. HP: 34/34 MP: 2/2
   982 | D:2      | Reached ** piety under Trog
  1257 | D:3      | Reached skill level 5 in Fighting
  1257 | D:3      | Reached XP level 4. HP: 42/42 MP: 3/3
  1273 | D:3      | Noticed a centaur
  1291 | D:3      | Killed a centaur
  1291 | D:3      | Reached XP level 5. HP: 28/48 MP: 0/4
  1412 | D:3      | Found an opulent altar of Gozag.
  1524 | D:3      | Reached skill level 5 in Axes
  1577 | D:4      | Noticed Grinder
  1604 | D:4      | Paralysed by Grinder for 7 turns
  1613 | D:4      | HP: 2/48 [Grinder (1)]
  1615 | D:4      | Killed Grinder
  1615 | D:4      | Reached skill level 6 in Axes
  1615 | D:4      | Reached XP level 6. HP: 5/56 MP: 1/5
  1983 | D:4      | Noticed Robin
  1992 | D:4      | Killed Robin
  2327 | D:4      | Reached *** piety under Trog
  2361 | D:4      | Reached XP level 7. HP: 60/62 MP: 4/6
  2486 | D:4      | Noticed Pikel
  2495 | D:4      | Killed Pikel
  2495 | D:4      | Reached skill level 8 in Axes
  2495 | D:4      | Reached skill level 5 in Armour
  2625 | D:5      | Entered Level 5 of the Dungeon
  2628 | D:4      | Found Cena's Weapon Boutique.
  2724 | D:4      | Found a shimmering blue altar of Sif Muna.
  2931 | D:5      | Found a shimmering altar of Xom.
  2931 | D:5      | Found a bloodstained altar of Trog.
  2935 | D:5      | Found a radiant altar of Vehumet.
  2998 | D:5      | Found a hide-covered altar of Uskayaw.
  3001 | D:5      | Noticed a +0 hand axe
  3002 | D:5      | Noticed a +0 dagger
  3076 | D:5      | Reached XP level 8. HP: 70/70 MP: 7/7
  3551 | D:5      | Reached skill level 9 in Axes
  3818 | D:6      | Reached skill level 1 in Maces & Flails
  4093 | D:6      | Reached skill level 1 in Stealth
  4093 | D:6      | Reached skill level 1 in Shields
  4168 | D:6      | Reached **** piety under Trog
  4257 | D:7      | Found Paunt's Gadget Shop.
  4366 | D:6      | Found an ancient bone altar of Kikubaaqudgha.
  4565 | D:7      | Reached XP level 9. HP: 60/78 MP: 8/8
  4710 | D:6      | Reached skill level 1 in Polearms
  4767 | D:6      | Found a burning altar of Makhleb.
  5018 | D:7      | Found a staircase to the Ecumenical Temple.
  5019 | D:7      | Noticed Grum
  5021 | D:7      | Noticed a manticore
  5035 | D:7      | Killed a manticore
  5056 | Temple   | Entered the Ecumenical Temple
  5171 | D:7      | Noticed Joseph
  5190 | D:7      | Killed Joseph
  5286 | D:7      | Found a transporter.
  5288 | D:7      | Identified the +6 ring mail of Midnight {+Fly MP+9 Int-4}
  5294 | D:7      | Found a transporter.
  5411 | D:7      | Reached skill level 5 in Polearms
  5475 | D:7      | Noticed Menkaure
  5477 | D:7      | Killed Menkaure
  5810 | D:8      | Got a pair of heavily runed gloves
  5822 | D:8      | Identified the cursed +0 pair of gloves "Puxoc" {rCorr
                  | Dex+3 SInv} (You found it on level 8 of the Dungeon)
  6247 | D:8      | Reached XP level 10. HP: 88/88 MP: 9/9
  6254 | D:8      | Reached skill level 10 in Axes
  6259 | D:8      | Reached ***** piety under Trog
  6382 | D:8      | Found a sparkling altar of Nemelex Xobeh.
  6435 | D:8      | Noticed Psyche
  6441 | D:8      | Killed Psyche
  6959 | D:8      | Received a gift from Trog
  6963 | D:8      | Got a slimy executioner's axe {god gift}
  6964 | D:8      | Identified the +8 executioner's axe of the Living Dead
                  | {chop, rF+} (Trog gifted it to you on level 8 of the
                  | Dungeon)
  7124 | D:8      | Found a stormy altar of Qazlal.
  7326 | D:7      | Identified the amulet of Ygelisy {RegenMP rElec MR+ Dex-3}
  7348 | D:7      | Killed Grum
  7357 | D:7      | Noticed casual's ghost (novice OpTm)
  7609 | D:7      | Killed casual's ghost
  7609 | D:7      | Reached skill level 11 in Axes
  8011 | D:9      | Reached skill level 12 in Axes
  8226 | D:9      | Noticed a red ugly thing
  8233 | D:9      | Killed a red ugly thing
  8233 | D:9      | Reached XP level 11. HP: 53/97 MP: 10/10
  8296 | D:10     | Entered Level 10 of the Dungeon
  8365 | D:9      | Reached skill level 13 in Axes
  8885 | D:11     | Noticed an orange crystal statue
  8896 | D:11     | Killed an orange crystal statue
  8896 | D:11     | Reached skill level 5 in Dodging
  9472 | D:10     | Reached skill level 14 in Axes
  9613 | D:10     | Reached skill level 10 in Fighting
  9627 | D:10     | Found a staircase to the Lair.
 10166 | D:11     | Found Ydyb's Distillery.
 10176 | D:11     | Bought a potion of flight for 51 gold pieces
 10176 | D:11     | Bought a potion of haste for 170 gold pieces
 10805 | D:11     | Reached skill level 15 in Axes
 11177 | D:11     | Reached XP level 12. HP: 45/107 MP: 11/11
 11573 | D:11     | Found Abuefe's Distillery.
 11778 | D:11     | Received a gift from Trog
 11784 | D:11     | Got a steaming broad axe {god gift}
 11785 | D:11     | Identified the +3 broad axe of Checks and Balances {flame,
                  | Str+2} (Trog gifted it to you on level 11 of the Dungeon)
 12009 | D:12     | Reached skill level 10 in Armour
 12083 | D:12     | Found a staircase to the Orcish Mines.
 12513 | D:12     | Reached skill level 16 in Axes
 12825 | D:12     | Noticed a seven-headed hydra
 12836 | D:12     | Killed a four-headed hydra
 12836 | D:12     | Reached skill level 1 in Evocations
 12849 | D:12     | Found Rizuruc's Antique Armour Shoppe.
 13171 | D:13     | Noticed a centaur warrior
 13184 | D:13     | Noticed a centaur warrior
 13189 | D:13     | Killed a centaur warrior
 13227 | D:13     | Killed a centaur warrior
 13355 | D:13     | Reached skill level 17 in Axes
 13495 | D:13     | Found an iron altar of Okawaru.
 13586 | D:13     | Received a gift from Trog
 13607 | D:13     | Noticed Snorg
 13615 | D:13     | Killed Snorg
 13669 | D:13     | Found Ussud's Armour Shoppe.
 13708 | D:13     | Found a gate to the Vaults.
 13708 | D:13     | Noticed an ironheart preserver
 13715 | D:13     | Reached XP level 13. HP: 101/116 MP: 13/13
 13715 | D:13     | Killed an ironheart preserver
 14033 | D:14     | Reached skill level 18 in Axes
 14305 | D:15     | Entered Level 15 of the Dungeon
 14373 | D:14     | Found a shadowy altar of Dithmenos.
 14427 | D:14     | Noticed Roxanne
 14469 | D:14     | Killed Roxanne
 15048 | D:14     | Got a twisted flail
 15049 | D:14     | Identified the +6 flail "Arbiter" {crush, Str+8 Stlth+}
                  | (You found it on level 14 of the Dungeon)
 15523 | D:15     | HP: 5/119 [cyclops (10)]
 15524 | D:15     | Reached skill level 19 in Axes
 16008 | D:15     | Found a shimmering altar of Xom.
 16469 | D:15     | Found a staircase to the Depths.
 16491 | D:15     | Reached XP level 14. HP: 102/129 MP: 14/14
 17079 | Lair:1   | Entered Level 1 of the Lair of Beasts
 18358 | Lair:3   | Found a frozen archway.
 18371 | IceCv    | Entered an ice cave
 18483 | IceCv    | Reached skill level 20 in Axes
 18681 | IceCv    | Noticed a frost giant
 18696 | IceCv    | Killed a frost giant
 18953 | IceCv    | Found the +5 scythe "Finisher" {speed, eviscerate}
 19016 | IceCv    | Upgraded the game from 0.24-a0-769-g368c164 to
                  | 0.24-a0-781-g048a31f
 19867 | Lair:2   | Found a runed translucent door.
 19868 | Lair:2   | Noticed mansretarded's ghost (journeyman MiBe)
 19891 | Lair:2   | Killed mansretarded's ghost
 19891 | Lair:2   | Reached ****** piety under Trog
 21344 | Lair:4   | Received a gift from Trog
 21355 | Lair:4   | Found a staircase to the Snake Pit.
 21382 | Lair:4   | Got an ebony dire flail {god gift}
 21402 | Lair:3   | Identified the +3 dire flail "Geifey" {protect, rElec
                  | rPois} (Trog gifted it to you on level 4 of the Lair of
                  | Beasts)
 21617 | Lair:4   | Found a staircase to the Swamp.
 22497 | Lair:4   | Reached XP level 15. HP: 57/139 MP: 15/15
 23698 | Lair:5   | Noticed Kirke
 23712 | Lair:5   | Killed Kirke
 23746 | Lair:5   | Noticed Rupert
 23756 | Lair:5   | Killed Rupert
 23756 | Lair:5   | Reached skill level 21 in Axes
 23786 | Lair:5   | Found a transporter.
 24139 | Lair:5   | Noticed Cuzol's ghost (journeyman DsGl)
 24140 | Lair:5   | Found the +1 cloak of Starlight {rElec rC+ EV+4 Stlth--}
 24153 | Lair:5   | Found a transporter.
 24287 | Lair:5   | Reached skill level 15 in Fighting
 24408 | Lair:6   | Entered Level 6 of the Lair of Beasts
 25112 | Lair:6   | Found a staircase to the Slime Pits.
 25117 | Lair:6   | Noticed Nessos
 25130 | Lair:6   | Received a gift from Trog
 25145 | Lair:6   | Killed Nessos
 26053 | Lair:6   | Got a steaming rapier
 26054 | Lair:6   | Identified the cursed +1 rapier of Wounding {distort,
                  | Int+7} (You found it on level 6 of the Lair of Beasts)
 26365 | Lair:6   | Reached skill level 22 in Axes
 26564 | Lair:6   | Got a pair of steaming gloves
 26570 | Lair:6   | Identified the -2 pair of gloves of Qito {rN+} (You found
                  | it on level 6 of the Lair of Beasts)
 26922 | Lair:5   | Killed Cuzol's ghost
 26946 | Lair:5   | Got a pitted short sword
 27044 | Lair:6   | Got a dazzling trident
 27045 | Lair:6   | Identified the +8 trident of the Thoughtful Cities {pierce,
                  | *Noise *Drain rElec Dex+6} (You found it on level 6 of the
                  | Lair of Beasts)
 27081 | Lair:6   | Identified the +0 short sword "Pendulum" {pierce, rN+ MR+}
                  | (You found it on level 5 of the Lair of Beasts)
 27455 | Swamp:1  | Entered Level 1 of the Swamp
 27504 | Swamp:1  | Received a gift from Trog
 27648 | Swamp:1  | Reached XP level 16. HP: 143/151 MP: 16/16
 27672 | Swamp:1  | Got a transparent flail
 27736 | Swamp:1  | Identified the +7 flail "Tuvafoc" {venom, Int+7 Dex+3} (You
                  | found it on level 1 of the Swamp)
 27775 | Swamp:1  | Found a transporter.
 28302 | Swamp:1  | Found a transporter.
 28595 | Swamp:2  | Received a gift from Trog
 29043 | Swamp:2  | Noticed Louise
 29053 | Swamp:2  | Killed Louise
 29216 | Swamp:2  | Reached skill level 23 in Axes
 29218 | Swamp:2  | Noticed a thorn hunter
 29222 | Swamp:2  | Killed a thorn hunter
 29241 | Swamp:2  | Noticed a thorn hunter
 29250 | Swamp:2  | Killed a thorn hunter
 29816 | Swamp:1  | Got an ancient quick blade
 29957 | Swamp:2  | Noticed a thorn hunter
 29988 | Swamp:2  | Killed from afar by a thorn hunter

Levels and vault maps discovered:
D:1:      minmay_arrival_checkered_box, layout_loops_ring, serial_park_tiny_2
D:2:      layout_basic, fedhas_altar_fruit_tree, minmay_misc_feat_nine_boxes,
          minmay_fountain_box
D:3:      layout_basic, grunt_gozag_breadcrumbs
D:4:      layout_rooms, lemuel_coloured_pillars_altar, serial_shops, shop,
          uniq_robin, uniq_grinder, uniq_pikel
D:5:      layout_basic, dancing_weapons_uskayaw,
          gammafunk_temple_overflow_forgotten, first_ration
D:6:      layout_loops_ring, kiku_gazebo_garden_becter, kennysheep_little_box,
          minivault_24, chequers_serial_rivers_large_a, solitary_fountain
D:7:      layout_cave_pools, minmay_temple_entry_statues,
          gammafunk_ghost_gnarly_gnolls, serial_co_window_serial,
          co_window_corner_a, co_window_corner_a, co_window_paths_a,
          co_window_of_opportunity_a, co_window_corner_a, co_window_corner_cb,
          co_window_broadway_c, co_window_broadway_b, co_window_broadway_c,
          co_window_corner_b, glass_columns_b, glass_columns_b, glass_columns_a,
          glass_columns_b, glass_columns_a, serial_shops,
          nicolae_shop_competitors_out_of_business, uniq_joseph, uniq_menkaure
D:8:      minmay_razor_zed, layout_loops_ring, overflow_temple_1_default,
          lemuel_crystal_altar, hangedman_little_slice_of_home,
          lightli_orcish_oven, uniq_psyche
D:9:      minmay_the_grid_net [minmay_the_grid_holed_spiral,
          minmay_the_grid_square_x, minmay_the_grid_large_cup,
          minmay_the_grid_dragon_b, minmay_the_grid_minigrid_small_alt,
          minmay_the_grid_prize_inner_circle], layout_loops_ring,
          nicolae_water_bricks
D:10:     layout_loops_ring, erik_lair_dragon
D:11:     layout_roguey [special_room_orc], serial_shops, shop_statue, shop,
          david_greed
D:12:     layout_layer_cave, erik_orc_2, serial_shops, shop
D:13:     layout_rooms, skrybe_vaults_entry_preservation, serial_shops,
          nicolae_shop_stone, lemuel_altar_in_water, uniq_snorg
D:14:     layout_basic, lemuel_round_altar, uniq_roxanne
D:15:     gammafunk_enter_depths_forms, layout_rooms, basic_altar, minivault_24,
          serial_corexii_hall, corexii_hall_statues_i,
          chequers_hall_statues_corner_a, minmay_shattered_shrine
Temple:   minmay_temple_bridge_abc
Lair:1:   layout_layer_cave, grunt_megastairs_3
Lair:2:   layout_chaotic_city, ebering_ghost_inner_flame
Lair:3:   layout_concentric_octagons, portal_ice_cave_demonic_guard
Lair:4:   wad_woods_04, layout_big_grid, skrybe_swamp_entry_bodies,
          guppyfry_snake_entry_island, roderic_batcave,
          hangedman_lair_unloving_vines, bobbens_dragon_lair_wall
Lair:5:   layout_roguey, gammafunk_ghost_berserking_beasts,
          infiniplex_staircase_pool_2, uniq_rupert, uniq_kirke
Lair:6:   guppyfry_lair_end_dragon, layout_cave_shapes,
          hangedman_lair_in_review, minmay_slime_entry_oklob_open, uniq_nessos
Swamp:1:  gammafunk_the_bubble [the_bubble_gammafunk_plus_minus],
          layout_basic_swamp, evilmike_swamp_ruin_wall
Swamp:2:  nicolae_swamp_phyte_club, layout_basic_swamp,
          nicolae_swamp_feature_on_the_river_bank, uniq_louise
Swamp:3:  layout_falls_marsh, evilmike_swamp_ruin_rubble_1

Skill      XL: |  1  2  3  4  5  6  7  8  9 10 11 12 13 14 15 16 |
---------------+-------------------------------------------------+-----
Axes           | 4 6 8 9 12 15 17 19 20 22 23 | 23.2
Fighting       | 4 5 6 7 9 10 11 13 14 15 16 | 16.6
Armour         | 3 4 5 7 8 9 10 12 13 14 | 14.9
Dodging        | 3 4 5 6 |  6.4
Maces & Flails | 4 |  4.6
Stealth        | 1 2 3 |  3.6
Shields        | 1 |  1.6
Polearms       | 6 |  6.0
Evocations     | 1 |  1.6

Action                   |  1- 3 |  4- 6 |  7- 9 | 10-12 | 13-15 | 16-18 || total
-------------------------+-------+-------+-------+-------+-------+-------++-------
Melee: Hand axe          |    81 |    98 |    27 |       |       |       ||   206
       Headbutt          |     9 |    22 |    75 |    71 |   193 |    44 ||   414
       Club              |       |       |   143 |       |       |       ||   143
       Trident           |       |       |    61 |       |       |       ||    61
       Battleaxe         |       |       |    63 |    45 |       |       ||   108
       Executioner's axe |       |       |       |   402 |   690 |   183 ||  1275
       Broad axe         |       |       |       |     3 |   138 |    11 ||   152
 Fire: Hunting sling     |       |       |       |    32 |       |       ||    32
       Longbow           |       |       |       |       |    38 |     3 ||    41
Throw: Throwing net      |       |       |     1 |       |       |       ||     1
       Javelin           |       |       |       |       |     8 |       ||     8
       Dart              |       |       |       |       |     1 |       ||     1
Invok: Trog's Hand       |       |     2 |       |     5 |     9 |     2 ||    18
       Berserk           |       |     3 |     3 |     2 |     5 |     1 ||    14
       Brothers in Arms  |       |       |       |     5 |     3 |       ||     8
 Abil: Evoke Flight      |       |       |       |     1 |       |       ||     1
Evoke: Wand              |       |       |     2 |     8 |     2 |       ||    12
       Lightning rod     |       |       |       |       |     4 |       ||     4
  Use: Scroll            |       |       |    10 |     5 |    15 |     2 ||    32
       Potion            |       |       |       |     3 |     3 |       ||     6
 Stab: Sleeping          |       |       |       |     1 |       |       ||     1
       Confused          |       |       |       |       |       |     4 ||     4
  Eat: Chunk             |     1 |     6 |    17 |    30 |    40 |     9 ||   103
       Ration            |       |       |       |       |     4 |       ||     4
Armor: Scale mail        |    30 |    54 |    39 |       |       |       ||   123
       Ring mail         |     2 |       |       |   145 |       |       ||   147
       Leather armour    |     2 |       |       |       |       |       ||     2
       Chain mail        |       |       |    25 |       |       |       ||    25
       Plate armour      |       |       |    62 |   137 |   597 |   119 ||   915
Dodge: Dodged            |    55 |    74 |   121 |   363 |   403 |   109 ||  1125
Block: Shield            |       |       |    35 |       |       |       ||    35
       Other             |       |       |       |       |    11 |       ||    11

Table legend:
 A = Non-vault XP
 B = Vault XP
 C = Vault XP percentage of total XP
 D = Non-vault monster count
 E = Vault monster count
 F = Vault count percentage of total count
                 A         B        C        D         E       F
            +---------+---------+-------+---------+---------+-------
      Total |  106278 |   84376 |  44.3 |     579 |     298 |  34.0
            +---------+---------+-------+---------+---------+-------
        D:1 |      15 |       0 |   0.0 |       8 |       0 |   0.0
        D:2 |      64 |       0 |   0.0 |      26 |       0 |   0.0
        D:3 |     200 |       0 |   0.0 |      22 |       0 |   0.0
        D:4 |     207 |     912 |  81.5 |      19 |      14 |  42.4
        D:5 |     270 |       0 |   0.0 |      12 |       0 |   0.0
        D:6 |     957 |       0 |   0.0 |      31 |       0 |   0.0
        D:7 |    1405 |    2107 |  60.0 |      18 |      18 |  50.0
        D:8 |     560 |    1567 |  73.7 |      25 |      24 |  49.0
        D:9 |    3320 |    1973 |  37.3 |      31 |      18 |  36.7
       D:10 |    1874 |     857 |  31.4 |      21 |       4 |  16.0
       D:11 |    4984 |    2129 |  29.9 |      40 |      27 |  40.3
       D:12 |    3830 |     892 |  18.9 |      19 |      21 |  52.5
       D:13 |    6487 |    5454 |  45.7 |      38 |      10 |  20.8
       D:14 |   10448 |    2058 |  16.5 |      23 |       1 |   4.2
       D:15 |    5343 |    8891 |  62.5 |      19 |      16 |  45.7
     Lair:1 |    4385 |     559 |  11.3 |      22 |       3 |  12.0
     Lair:2 |    4449 |    1991 |  30.9 |      17 |       2 |  10.5
     Lair:3 |    2946 |     646 |  18.0 |       9 |       2 |  18.2
     Lair:4 |    5080 |    6200 |  55.0 |      21 |      33 |  61.1
     Lair:5 |    7237 |    9089 |  55.7 |      29 |      14 |  32.6
     Lair:6 |   14213 |   15867 |  52.7 |      39 |      38 |  49.4
    Swamp:1 |   14561 |    5900 |  28.8 |      45 |      12 |  21.1
    Swamp:2 |   11715 |    7925 |  40.4 |      40 |       5 |  11.1
    Swamp:3 |    1728 |       0 |   0.0 |       5 |       0 |   0.0
      IceCv |       0 |    9359 | 100.0 |       0 |      36 | 100.0
            +---------+---------+-------+---------+---------+-------
